Map: Torches LE

Players

TSL

  • Race: Zerg Zerg
  • League: Silver
  • Spawn Location: 1:00

ManlyManMeat

  • Race: Zerg Zerg
  • Spawn Location: 5:00

VOD

Have the link to the VOD?

Description

Time

  • Played on: May 14, 2025, 1:45 p.m.
  • Length: 142:30
Show
View Real Time Build Order
Export as new Build Order

TSL Zerg 

Build Orders: Pool First 

Get SALT Encoding   

  12  0:17  Drone  
  12  0:18  Drone  
  14  0:58  Spawning Pool  
  14  0:59  Drone  
  14  1:03  Overlord  
  14  1:12  Hatchery  
  13  39:03  Drone x3  
  13  39:09  Drone x3  
  19  39:43  Hatchery  
  18  39:46  Extractor  
  18  39:47  Extractor  
  17  39:52  Drone  
  17  39:53  Drone x2  
  19  40:08  Hatchery  
  19  40:12  Extractor  
  17  40:14  Extractor  
  16  40:24  Extractor x2  
  14  40:31  Spawning Pool  
  13  40:41  Hatchery  
  12  40:51  Hatchery  
  11  41:02  Hatchery  
  11  41:03  Drone x2  
  11  41:04  Drone  
  13  41:16  Drone x3  
  16  41:49  Drone x3  
  16  41:51  Metabolic Boost  
  19  41:54  Lair  
  19  41:58  Burrow  
  19  42:06  Drone x3  
  19  42:07  Drone x6  
  19  42:08  Drone  
  29  42:29  Drone x2  
  31  42:32  Drone x2  
  27  42:45  Zergling x14  
  27  42:46  Zergling x8  
  20  43:18  Zergling x8  
  20  43:19  Zergling x10  
  8  44:26  Spine Crawler  
  8  44:27  Spine Crawler x2  
  8  44:28  Spine Crawler  
  8  44:30  Spine Crawler  
  3  44:31  Overseer  
  3  44:34  Drone  
  3  44:35  Drone x2  
  6  44:59  Spore Crawler x2  
  4  45:00  Spore Crawler  
  4  45:02  Spore Crawler  
  2  45:34  Zergling x6  
  2  46:32  Queen  
  4  46:45  Spawning Pool  
  4  46:46  Drone x3  
Show
View Real Time Build Order
Export as new Build Order

ManlyManMeat Zerg 

Build Orders: Hatch First 

Get SALT Encoding   

  12  1:23  Drone  
  12  1:24  Drone  
  14  1:26  Overlord  
  14  1:34  Extractor  
  14  1:35  Extractor  
  12  1:45  Hatchery  
  11  1:56  Overlord  
  11  1:57  Drone  
  11  2:00  Drone  
  13  2:12  Drone  
  14  2:21  Spawning Pool  
  13  2:24  Drone  
  14  2:32  Evolution Chamber  
  14  2:35  Evolution Chamber  
  12  2:46  Drone  
  13  3:02  Zerg Melee Weapons Level 1  
  13  3:08  Zerg Ground Armor Level 1  
  13  3:09  Drone  
  13  3:12  Zergling x2  
  15  3:17  Queen  
  15  3:19  Queen  
  19  3:22  Drone  
  20  3:30  Drone  
  21  3:39  Zergling x2  
  22  3:42  Zergling x2  
  23  3:50  Overlord  
  23  4:19  Zergling x8  
  23  4:23  Drone x2  
  29  4:36  Roach Warren  
  28  4:45  Drone  
  28  4:46  Drone  
  28  4:48  Drone  
  31  5:03  Drone  
  31  5:04  Drone x2  
  31  5:05  Drone  
  35  5:20  Lair  
  35  5:27  Drone x2  
  35  5:28  Drone  
  38  5:49  Roach x3  
  44  6:09  Overlord  
  44  6:10  Overlord  
  44  6:11  Hatchery  
  43  6:13  Drone  
  44  6:27  Queen x2  
  48  6:46  Spore Crawler  
  47  6:57  Spore Crawler  
  46  7:31  Drone x3  
  46  7:32  Drone x2  
  51  7:37  Overlord x2  
  51  7:38  Drone  
  51  7:42  Roach x5  
  51  7:43  Roach x2  
  66  8:28  Roach x8  
  66  8:32  Overlord  
  66  8:33  Overlord x3  
  82  8:53  Drone x2  
  82  8:54  Drone x4  
  82  8:55  Drone x4  
  93  9:45  Drone x2  
  93  9:48  Drone x2  
  93  9:49  Drone x6  
  93  9:50  Drone x4  
  106  9:59  Pneumatized Carapace  
  106  10:01  Zerg Melee Weapons Level 2, Zerg Ground Armor Level 2  
  106  10:02  Metabolic Boost  
  106  10:13  Ravager  
  106  10:14  Ravager x3  
  108  10:15  Ravager x2  
  112  11:17  Drone x2  
  114  11:19  Extractor  
  114  11:21  Extractor  
  114  11:23  Extractor x2  
  110  11:29  Drone x4  
  114  11:35  Overlord x2  
  114  11:36  Overlord x5  
  114  12:04  Zergling x4  
  114  12:05  Zergling x20  
  126  12:35  Roach Warren  
  125  12:37  Baneling Nest  
  125  12:41  Spine Crawler, Spore Crawler  
  125  12:42  Spore Crawler x2  
  125  12:43  Spine Crawler x2  
  119  12:44  Drone x10  
  128  13:19  Roach x2  
  134  13:20  Roach x5  
  134  13:21  Roach x4  
  134  13:24  Glial Reconstitution  
  134  13:26  Centrifugal Hooks  
  150  13:28  Baneling x5  
  150  13:31  Baneling x3  
  150  13:35  Zerg Missile Weapons Level 1  
  150  13:58  Hydralisk Den  
  150  14:01  Infestation Pit  
  148  14:03  Spire, Nydus Network  
  146  14:42  Tunneling Claws  
  146  15:17  Hatchery  
  145  15:28  Overlord x5  
  145  15:36  Swarm Host x4  
  145  15:37  Swarm Host x4  
  169  15:54  Hive  
  169  16:14  Neural Parasite  
  169  16:23  Zerg Flyer Weapons Level 1  
  169  18:17  Zerg Flyer Armor Level 1  
  169  18:26  Extractor, Hatchery  
  167  18:28  Extractor  
  166  19:31  Corruptor x2  
  166  19:32  Corruptor x5  
  166  19:33  Corruptor  
  182  19:40  Ravager  
  182  19:41  Ravager  
  182  19:42  Ravager  
  185  19:52  Viper x4  
  197  20:29  Drone x3  
  189  31:43  Baneling x2  
  179  42:16  Spine Crawler x2  
  179  42:17  Spine Crawler x2  
  179  42:18  Spine Crawler  
  179  42:19  Spine Crawler x2  
  179  42:21  Spine Crawler  
  179  42:22  Spine Crawler x2  
  169  42:24  Spine Crawler x3  
  169  42:25  Spine Crawler  
  169  42:26  Spine Crawler  
  169  42:27  Spine Crawler  
  163  42:35  Drone x7  
  163  42:36  Drone x17  
  163  42:37  Drone x5  
  188  42:38  Drone x6  
  188  42:39  Drone x2  
  199  42:49  Spore Crawler x2  
  199  42:50  Spore Crawler x2  
  195  42:51  Spore Crawler  
  195  42:55  Spore Crawler  
  195  42:56  Spore Crawler  
  195  42:57  Spore Crawler  
  191  42:59  Spore Crawler  
  191  43:00  Spine Crawler, Spore Crawler  
  191  43:01  Spine Crawler  
  191  43:03  Spine Crawler  
  191  43:04  Spine Crawler  
  185  43:06  Spine Crawler  
  183  43:15  Spine Crawler  
  183  43:17  Spine Crawler  
  183  43:18  Spine Crawler x2  
  183  43:19  Spine Crawler  
  178  43:20  Spine Crawler x6  
  178  43:22  Spine Crawler x4  
  178  43:23  Spine Crawler  
  178  43:24  Spine Crawler  
  178  43:25  Spine Crawler  
  178  43:26  Spine Crawler  
  178  43:27  Spine Crawler x2  
  162  43:29  Roach, Spine Crawler x2  
  162  43:30  Roach x2, Zergling x6, Spine Crawler  
  162  43:31  Zergling x4, Spine Crawler  
  162  43:32  Spine Crawler  
  167  43:40  Spine Crawler  
  167  43:41  Spine Crawler  
  165  43:44  Spine Crawler  
  165  43:45  Spine Crawler  
  165  43:47  Spine Crawler  
  162  43:49  Spine Crawler  
  162  43:53  Spine Crawler  
  162  43:55  Spine Crawler  
  159  43:56  Spine Crawler x3  
  159  43:57  Spine Crawler  
  159  43:58  Spine Crawler  
  159  44:01  Spine Crawler x4  
  159  44:02  Spine Crawler  
  149  44:03  Spine Crawler  
  148  44:46  Drone x20  
  168  44:57  Spine Crawler  
  167  45:00  Spine Crawler  
  167  45:02  Spine Crawler  
  167  45:03  Spine Crawler  
  164  45:10  Spine Crawler x2  
  164  45:12  Spine Crawler  
  164  45:13  Spine Crawler  
  160  45:15  Spine Crawler, Drone x2  
  160  45:16  Spine Crawler, Drone x6  
  160  45:19  Spine Crawler  
  165  45:21  Spine Crawler  
  165  45:23  Spine Crawler  
  165  45:24  Spine Crawler  
  158  45:29  Spine Crawler  
  158  45:31  Spine Crawler  
  158  45:33  Spine Crawler x3  
  158  45:34  Spine Crawler  
  150  45:36  Spine Crawler, Drone x8  
  154  45:44  Spine Crawler  
  154  45:47  Spine Crawler  
  155  45:50  Spine Crawler  
  155  45:53  Spine Crawler x2  
  155  45:54  Spine Crawler  
  152  46:02  Spine Crawler  
  151  46:05  Spine Crawler  
  150  46:13  Spine Crawler  
  150  46:15  Spine Crawler  
  150  46:17  Spine Crawler  
  150  46:18  Spine Crawler  
  145  46:19  Spine Crawler  
  145  46:20  Spine Crawler  
  145  46:22  Spine Crawler x2  
  145  46:23  Spine Crawler  
  145  46:24  Spine Crawler  
  139  46:26  Spine Crawler, Drone x12  
  139  46:28  Spine Crawler  
  150  46:56  Spine Crawler  
  149  47:12  Spine Crawler  
  149  47:13  Spine Crawler  
  149  47:14  Spine Crawler  
  146  47:21  Spine Crawler x2  
  144  47:23  Spine Crawler  
  144  47:24  Spine Crawler  
  134  49:27  Drone x3  
  85  51:58  Muscular Augments  
  85  52:37  Hatchery  
  84  52:54  Drone x2  
  84  52:55  Drone  
  84  52:56  Hatchery  
  14  59:22  Extractor  
  14  59:24  Drone x6  
  15  59:25  Drone x6, Extractor  
  15  59:26  Drone x3  
  15  59:29  Drone x3  
  15  59:30  Drone  
  15  59:31  Drone x2  
  33  60:43  Drone, Overlord  
  33  60:44  Zergling x2  
  33  60:46  Roach  
  33  60:47  Hydralisk  
  33  60:48  Mutalisk, Corruptor  
  33  60:49  Swarm Host, Infestor  
  48  60:50  Viper  
  51  61:02  Ultralisk Cavern  
  52  61:51  Zergling x2  
  51  61:56  Baneling  
  51  62:15  Greater Spire  
  51  63:02  Nydus Canal  
  51  63:16  Roach  
  51  63:18  Ravager  
  54  63:27  Unknown  
  54  63:36  Nydus Canal  
  54  63:41  Overseer  
  54  63:42  Overseer  
  54  64:48  Ultralisk  
  60  65:36  Burrow  
Tags
 
League
Silver
Matchup
ZvZ
Race
Zerg
Spawn Locations
Close Positions
Add a new tag
Caveats
  • Supply blocks, unpowered buildings, or Contaminate may cause inaccurate times.
  • Supply counts are checked every 10 seconds.